AoeStats
← _WizarD_

Oasis

509517564Analyzed
4v4 RM · 5d ago on Sep 27, 2026· 54m 10s· 8 players
Game mode
Random Map
Map size
Large (8 player)
Population
200
Speed
Normal
Resources
Standard
Victory
Conquest
Starting age
Dark Age
Ending age
Imperial Age
RankedLock teamsTeams togetherTeam positionsShared explorationLock speedFull tech treeHidden civsTurbo modeCheats
Victory
Defeat
🇺🇸 Huns · United States
1373
+16
🇨🇦 Ethiopians · Canada
1368
+16
🇲🇽 Britons · Mexico
1368
+16
🇺🇸 Franks · United States
1363
+16
🇪🇸 Saracens · Spain
1451
-18
🇲🇽 Mongols · Mexico
1433
-19
🇪🇨 Persians · Ecuador
1355
-15
🇲🇽 Italians · Mexico
1260
-12
zhazhahui
6:50 Loom
9:55 Feudal Age
11:28 Double-Bit Axe
15:18 Padded Archer Armor
18:41 Fletching
20:29 Horse Collar
26:46 Wheelbarrow
38:19 Gold Mining
41:34 Castle Age
42:36 Bow Saw
42:20 Crossbowman
43:06 Thumb Ring
43:08 Bodkin Arrow
43:28 Leather Archer Armor
44:23 Ballistics
45:57 Heavy Plow
48:40 Imperial Age
45:57 Town Watch
50:23 Arbalester
51:58 Bracer
54:35 Chemistry
54:54 Two-Man Saw
鸭子
10:01 Feudal Age
14:09 Loom
17:58 Forging
21:48 Scale Barding Armor
24:45 Castle Age
26:09 Iron Casting
25:33 Gold Mining
25:13 Light Cavalry
25:49 Double-Bit Axe
26:24 Husbandry
27:19 Chain Barding Armor
29:33 Gold Shaft Mining
39:45 Wheelbarrow
39:22 Bow Saw
39:04 Stone Mining
42:15 Imperial Age
42:29 Hand Cart
42:20 Cavalier
45:23 Plate Barding Armor
46:03 Paladin
48:04 Blast Furnace
49:39 Conscription
50:57 Elite Throwing Axeman
51:50 Scale Mail Armor
MEX_Angel_Tj
6:49 Loom
9:22 Feudal Age
10:08 Double-Bit Axe
12:02 Fletching
12:13 Padded Archer Armor
19:05 Horse Collar
22:47 Wheelbarrow
24:41 Castle Age
25:02 Wheelbarrow
24:32 Gold Mining
24:50 Crossbowman
25:27 Bodkin Arrow
25:48 Leather Archer Armor
36:39 Imperial Age
34:36 Ballistics
34:11 Stone Mining
35:06 Bow Saw
36:36 Heavy Plow
36:55 Hand Cart
37:47 Gold Shaft Mining
38:55 Elite Longbowman
40:18 Conscription
40:12 Bracer
41:40 Chemistry
41:07 Yeomen
41:44 Ring Archer Armor
41:48 Town Watch
41:40 Sappers
43:23 Two-Man Saw
41:49 Pikeman
42:30 Squires
45:22 Warwolf
46:39 Capped Ram
51:16 Town Patrol
51:07 Heated Shot
50:58 Treadmill Crane
51:28 Masonry
53:07 Scale Mail Armor
53:18 Forging
52:55 Gambesons
_WizarD_
6:59 Loom
9:22 Feudal Age
10:28 Double-Bit Axe
11:28 Horse Collar
20:34 Wheelbarrow
22:33 Castle Age
21:11 Gold Mining
22:28 Forging
22:24 Scale Barding Armor
22:48 Bloodlines
23:56 Light Cavalry
24:40 Husbandry
25:19 Iron Casting
25:05 Chain Barding Armor
25:59 Bow Saw
25:51 Heavy Plow
37:14 Imperial Age
37:14 Cavalier
38:31 Plate Barding Armor
38:57 Blast Furnace
38:00 Stone Mining
39:19 Two-Man Saw
38:29 Paladin
41:25 Hand Cart
40:55 Town Watch
50:06 Gold Shaft Mining
50:32 Town Patrol
53:35 Fletching
53:45 Padded Archer Armor
rakz
1:59 Loom
11:53 Feudal Age
15:02 Double-Bit Axe
23:35 Fletching
27:13 Castle Age
26:39 Gold Mining
26:39 Stone Mining
29:04 Town Watch
39:55 Fortified Wall
42:55 Imperial Age
43:03 Ballistics
43:00 Caravan
43:20 Elite Skirmisher
45:08 Chemistry
45:21 Wheelbarrow
46:59 Padded Archer Armor
El coco
6:29 Loom
8:55 Feudal Age
9:28 Double-Bit Axe
15:01 Horse Collar
20:47 Wheelbarrow
22:51 Castle Age
24:41 Bow Saw
24:51 Heavy Plow
28:17 Hand Cart
27:47 Town Watch
31:29 Fortified Wall
31:30 Masonry
37:17 Imperial Age
35:40 Ballistics
35:25 Stone Mining
35:25 Gold Mining
36:50 Gold Shaft Mining
37:52 Fletching
38:02 Padded Archer Armor
37:52 Fletching
38:08 Padded Archer Armor
38:16 Scale Barding Armor
37:34 Elite Mameluke
38:34 Conscription
39:36 Two-Man Saw
39:25 Bodkin Arrow
39:46 Leather Archer Armor
40:59 Chemistry
40:05 Siege Engineers
40:53 Town Patrol
40:56 Bracer
41:32 Ring Archer Armor
45:40 Caravan
46:10 Coinage
47:17 Chain Barding Armor
46:56 Murder Holes
48:37 Banking
49:25 Hoardings
54:15 Forging
BP | ham.io
1:40 Loom
2:26 Loom
10:36 Feudal Age
11:41 Double-Bit Axe
17:09 Padded Archer Armor
18:18 Fletching
27:31 Castle Age
28:21 Thumb Ring
27:38 Crossbowman
28:29 Bodkin Arrow
35:29 Wheelbarrow
42:13 Imperial Age
40:05 Fortified Wall
49:36 Hand Cart
TREX KID BOO
5:50 Loom
8:43 Feudal Age
14:10 Double-Bit Axe
19:12 Scale Barding Armor
19:18 Forging
23:03 Bloodlines
28:54 Castle Age
30:00 Chain Barding Armor
29:42 Scale Mail Armor
31:05 Wheelbarrow
38:02 Iron Casting
47:58 Imperial Age
45:03 Light Cavalry
45:59 Town Watch
47:56 Heavy Camel Rider
48:30 Cavalier
52:24 Plate Barding Armor
52:50 Blast Furnace
Connection lost

Rejoining the realm…

Still unreachable

The connection could not be restored.

Session expired

The server has moved on; the page needs a fresh start.